 Dungeon Sprint DCSS version 0.29-a0-369-gd956c00756 (webtiles) character file.

Game seed: 13398003592773262763

7019 mhtbhm the Severer (level 10, -3/157 HPs)
             Began as a Minotaur Berserker on May 1, 2022.
             Was a High Priest of Trog.
             Succumbed to a spriggan defender's poison
             ... in the Dungeon (Sprint IV: "Fedhas' Mad Dash").
             The game lasted 00:03:58 (2916 turns).

mhtbhm the Severer (Minotaur Berserker)             Turns: 2916, Time: 00:03:58

Health: -3/157     AC:  8    Str: 26    XL:     10   Next: 82%
Magic:  3/3        EV: 12    Int:  4    God:    Trog [*****.]
Gold:   145        SH:  0    Dex: 10    Spells: 9/9 levels left

rFire   . . .      SeeInvis .   a - +8 battleaxe (antimagic)
rCold   . . .      Faith    .   (shield currently unavailable)
rNeg    . . .      Spirit   .   b - +0 scale mail
rPois   .          Reflect  .   (helmet restricted)
rElec   .          Harm     .   (no cloak)
rCorr   .          Rampage  .   (no gloves)
Will    .....      NoTele   +   (no boots)
Stlth   ..........              i - amulet of invisibility {+Inv}
HPRegen 0.36/turn               (no ring)
MPRegen 0.08/turn               (no ring)

@: berserking, lethally poisoned (-3 -> -80), very quick
A: horns 2, retaliatory headbutt
a: Renounce Religion, Evoke Invisibility, Berserk, Trog's Hand, Brothers in Arms


You were in the Dungeon.
You worshipped Trog.
Trog was extremely pleased with you.
You visited 1 branch You collected 242 gold pieces.
You spent 97 gold pieces at shops.

Inventory:

Hand Weapons
 a - a +8 antimagic battleaxe (weapon)
Armour
 b - a +0 scale mail (worn)
Jewellery
 i - the amulet of invisibility (around neck) {+Inv}
   (You found it in the Dungeon)

   [amulet of nothing]

   +Inv:      It lets you turn invisible.
Wands
 k - a wand of charming (15)
Scrolls
 c - a scroll of identify {unknown}
 h - 2 scrolls of blinking
 j - a scroll of enchant armour {unknown}
 l - a scroll of amnesia {unknown}
Potions
 d - a potion of heal wounds
 e - a potion of haste
 f - 2 potions of magic
 g - a potion of berserk rage
 m - a potion of curing
 n - a potion of might {unknown}


   Skills:
 + Level 15.3 Fighting
 + Level 18.7 Axes
 + Level 10.7 Armour
 + Level 7.5 Dodging
 + Level 9.7 Stealth
 + Level 7.3 Evocations


You had 9 spell levels left.
You didn't know any spells.
Your spell library was empty.

Dungeon Overview and Level Annotations

Branches:
Dungeon (1/1)

Altars:
Cheibriados
Dithmenos
Elyvilon
Gozag
Hepliaklqana
Kikubaaqudgha
Makhleb
Nemelex Xobeh
Okawaru
Qazlal
Ru
Sif Muna
Trog
Uskayaw
Vehumet
Wu Jian
Xom
Yredelemnul
Zin
The Shining One
Beogh
Jiyva
Lugonu

Shops:
D (***?(:!


Innate Abilities, Weirdness & Mutations

You have a pair of horns on your head.
You reflexively headbutt those who attack you in melee.


Message History

The spriggan defender is lightly wounded.
You feel sick.
The spriggan defender hits you with a +1 flail of venom!!
You are more poisoned.
You miss the spriggan defender.
Your headbutt misses the spriggan defender.
The spriggan defender is lightly wounded.
You feel very sick.
The spriggan defender hits you with a +1 flail of venom!
You are more poisoned.
You miss the spriggan defender.
The spriggan defender is lightly wounded.
You feel extremely sick.
The spriggan defender hits you with a +1 flail of venom!!
You barely miss the spriggan defender.
Your headbutt misses the spriggan defender.
The spriggan defender is lightly wounded.
You feel very sick.
The spriggan defender hits you with a +1 flail of venom!
You are more poisoned.
The spriggan defender blocks your attack.
The spriggan defender is lightly wounded.
You feel extremely sick.
The spriggan defender hits you with a +1 flail of venom!!
* * * LOW HITPOINT WARNING * * *
You are more poisoned.
You miss the spriggan defender.
The spriggan defender is lightly wounded.
* * * LOW HITPOINT WARNING * * *
You feel extremely sick.
The spriggan defender hits you with a +1 flail of venom!
* * * LOW HITPOINT WARNING * * *
You are more poisoned.
Unknown command.
Press: ? - help, v - describe, . - travel
Here: a spriggan defender, wielding a +1 flail of venom, wearing a +0 robe and wearing a +0 buckler (lightly wounded)
The floor.
You completely miss the spriggan defender.
The spriggan defender is lightly wounded.
You die...

###########......###.....♣.#
♣.###.'.('.....[.'.))..♣..∩#
.♣##:.#.)#.....).###########
[.###.##'##......#
.♣'...#♣.♣########
#######.....####
###..♣..♣....###
#.).♣......♣...♣###
.......♣.....∩.∩@i.[#
#####################


You could see a spriggan defender.

Vanquished Creatures
  Agnes (D)
  A spriggan berserker (D)
  A spriggan druid (D)
  6 oklob plants (D)
  A demonic crawler (D)
  3 burning bushes (D)
  A hornet (D)
  A queen bee (D)
  3 wandering mushrooms (D)
  3 scorpions (D)
  4 killer bees (D)
  5 oklob saplings (D)
  5 spriggans (D)
  A river rat (D)
  A rat (D)
37 creatures vanquished.

Vanquished Creatures (others)
  A ballistomycete spore (D)
  5 fungi (D)
6 creatures vanquished.

Grand Total: 43 creatures vanquished

Notes
Turn   | Place    | Note
-------+----------+-------------------------------------------
     0 | D        | mhtbhm the Minotaur Berserker began the quest for the Orb.
     0 | D        | Reached XP level 1. HP: 19/19 MP: 0/0
    10 | D        | Reached skill level 4 in Axes
    10 | D        | Reached XP level 2. HP: 28/28 MP: 1/1
   164 | D        | Noticed a scorpion
   165 | D        | Noticed an oklob sapling
   166 | D        | Killed an oklob sapling
   166 | D        | Reached ** piety under Trog
   167 | D        | Reached skill level 5 in Axes
   167 | D        | Reached XP level 3. HP: 14/37 MP: 2/2
   167 | D        | Killed a scorpion
   168 | D        | Reached skill level 7 in Axes
   168 | D        | Reached XP level 4. HP: 18/47 MP: 3/3
   170 | D        | Found the amulet of invisibility {+Inv}
   539 | D        | Found an opulent altar of Gozag.
   539 | D        | Found a hazy altar of Hepliaklqana.
   539 | D        | Found a burning altar of Makhleb.
   539 | D        | Found a sparkling altar of Nemelex Xobeh.
   539 | D        | Found a snail-covered altar of Cheibriados.
   539 | D        | Found a sacrificial altar of Ru.
   539 | D        | Found a shimmering blue altar of Sif Muna.
   539 | D        | Found a shimmering altar of Xom.
   539 | D        | Found a basalt altar of Yredelemnul.
   540 | D        | Found a viscous altar of Jiyva.
   540 | D        | Found a bloodstained altar of Trog.
   540 | D        | Found an ornate altar of the Wu Jian Council.
   541 | D        | Found an iron altar of Okawaru.
   541 | D        | Found a shadowy altar of Dithmenos.
   541 | D        | Found a glowing silver altar of Zin.
   542 | D        | Found an ancient bone altar of Kikubaaqudgha.
   542 | D        | Found a hide-covered altar of Uskayaw.
   543 | D        | Found a stormy altar of Qazlal.
   543 | D        | Found a white marble altar of Elyvilon.
   543 | D        | Found a glowing golden altar of the Shining One.
   544 | D        | Found a corrupted altar of Lugonu.
   544 | D        | Found a radiant altar of Vehumet.
   549 | D        | Reached skill level 8 in Axes
   549 | D        | Reached skill level 1 in Stealth
   549 | D        | Reached XP level 5. HP: 38/56 MP: 1/4
   660 | D        | Reached *** piety under Trog
   661 | D        | Reached skill level 9 in Axes
   661 | D        | Reached skill level 1 in Evocations
   797 | D        | Reached skill level 5 in Armour
   805 | D        | Reached skill level 10 in Axes
   805 | D        | Reached skill level 5 in Dodging
   805 | D        | Reached XP level 6. HP: 66/66 MP: 5/5
   815 | D        | Found Feiry's General Store.
   815 | D        | Found Tocwei's Antique Weapon Emporium.
   835 | D        | Noticed a burning bush
   835 | D        | Noticed a wandering mushroom
   835 | D        | Noticed a wandering mushroom
   848 | D        | Killed a wandering mushroom
   848 | D        | Reached **** piety under Trog
   849 | D        | Reached skill level 10 in Fighting
   849 | D        | Reached skill level 11 in Axes
  1027 | D        | Reached XP level 7. HP: 54/73 MP: 6/6
  1157 | D        | Killed a burning bush
  1158 | D        | Reached skill level 12 in Axes
  1159 | D        | Found Torureni's Antique Weapon Emporium.
  1159 | D        | Found Peimovaz's Magic Scroll Shoppe.
  1169 | D        | Bought a scroll of blinking for 97 gold pieces
  1233 | D        | Noticed a queen bee
  1241 | D        | Reached ***** piety under Trog
  1244 | D        | Reached skill level 13 in Axes
  1244 | D        | Reached XP level 8. HP: 83/83 MP: 5/7
  1247 | D        | Killed a queen bee
  1291 | D        | Noticed an oklob plant
  1299 | D        | Killed an oklob plant
  1300 | D        | Reached skill level 14 in Axes
  1451 | D        | Noticed a burning bush
  1459 | D        | Killed a burning bush
  1460 | D        | Reached skill level 5 in Stealth
  1552 | D        | Noticed a burning bush
  1552 | D        | Noticed an oklob plant
  1553 | D        | Noticed a wandering mushroom
  1559 | D        | Killed a burning bush
  1560 | D        | Reached skill level 5 in Evocations
  1560 | D        | Reached XP level 9. HP: 93/93 MP: 5/8
  1577 | D        | Received a gift from Trog
  1580 | D        | Killed an oklob plant
  1581 | D        | Reached skill level 15 in Axes
  1768 | D        | Noticed a spriggan druid
  1773 | D        | Killed a spriggan druid
  1774 | D        | Reached skill level 16 in Axes
  2103 | D        | Noticed an oklob plant conjurer
  2104 | D        | Killed an oklob plant conjurer
  2129 | D        | Noticed an oklob plant
  2129 | D        | Noticed an oklob plant summoner
  2130 | D        | Noticed an oklob plant shifter
  2136 | D        | Killed an oklob plant
  2138 | D        | Killed an oklob plant summoner
  2139 | D        | Reached XP level 10. HP: 72/103 MP: 0/9
  2142 | D        | Killed an oklob plant shifter
  2142 | D        | Received a gift from Trog
  2143 | D        | Reached skill level 17 in Axes
  2258 | D        | Noticed a spriggan rider
  2264 | D        | Reached ****** piety under Trog
  2265 | D        | Found Qohyc's Book Emporium.
  2270 | D        | HP: 3/104 [spriggan rider/+0 spear (24)]
  2275 | D        | Killed a spriggan rider
  2275 | D        | Received a gift from Trog
  2276 | D        | Reached skill level 10 in Armour
  2614 | D        | Found Liti's Distillery.
  2657 | D        | Noticed Agnes
  2665 | D        | Killed Agnes
  2666 | D        | Reached skill level 15 in Fighting
  2666 | D        | Reached skill level 18 in Axes
  2843 | D        | Found Ughesear's Assorted Antiques.
  2843 | D        | Noticed a spriggan berserker
  2847 | D        | Noticed a death yak
  2850 | D        | Killed a spriggan berserker
  2899 | D        | Found Dinkuhoe's Assorted Antiques.
  2902 | D        | Noticed a spriggan defender
  2915 | D        | HP: 5/157 [spriggan defender/+1 flail of venom (14)]
  2916 | D        | Succumbed to a spriggan defender's poison

Illustrated notes

Levels and vault maps discovered:
D:        dungeon_sprint_fedhas [sprint_temple]

Skill      XL: |  1  2  3  4  5  6  7  8  9 10 |
---------------+-------------------------------+-----
Fighting       | 4 6 7 8 9 10 11 13 14 15 | 15.3
Axes           | 4 5 7 8 10 11 13 14 16 18 | 18.7
Armour         | 3 4 5 6 7 8 9 10 | 10.7
Dodging        | 3 4 5 6 7 |  7.5
Stealth        | 1 2 3 5 7 9 |  9.7
Evocations     | 1 2 3 5 6 7 |  7.3

Action                   |  1- 3 |  4- 6 |  7- 9 | 10-12 || total
-------------------------+-------+-------+-------+-------++-------
Melee: Hand axe          |     7 |    31 |    35 |       ||    73
       Punch             |     1 |     2 |     1 |       ||     4
       Headbutt          |     1 |    12 |    17 |     4 ||    34
       Broad axe         |       |       |    19 |       ||    19
       Battleaxe         |       |       |     9 |    34 ||    43
Invok: Berserk           |     2 |     2 |     5 |     3 ||    12
       Brothers in Arms  |       |       |       |     1 ||     1
 Abil: Evoke Invisibilit |       |     2 |     3 |       ||     5
  Use: Potion            |       |       |     1 |     1 ||     2
 Stab: Invisible         |       |     1 |     6 |       ||     7
       Sleeping          |       |       |     4 |     1 ||     5
       Distracted        |       |       |       |     1 ||     1
Armor: Ring mail         |       |     4 |     4 |       ||     8
       Scale mail        |       |       |       |     4 ||     4
Dodge: Dodged            |     3 |     9 |    16 |     9 ||    37

Table legend: (Time is in decaauts)
 A = Elapsed time spent in this place.
 B = Non-inter-level travel time spent in this place.
 C = Inter-level travel time spent in this place.
 D = Time resting spent in this place.
 E = Time spent auto-exploring this place.
 F = Levels seen in this place.
 G = Mean time per level.
                   A        B        C        D        E       F      G
               +--------+--------+--------+--------+--------+-----+--------+
         Total |   2989 |   2989 |      0 |   2432 |      3 |   1 | 2989.0 |
       Dungeon |   2989 |   2989 |      0 |   2432 |      3 |   1 | 2989.0 |
               +--------+--------+--------+--------+--------+-----+--------+

Top non-repeatable levels by time:
       D: 2989 daAuts
